Canucks vs Sharks
(R1)
Created - March 14, 2018 at 19:05
Goals
|
| Canucks |
1 |
0 |
1 |
0 |
0 |
2 |
| Sharks |
0 |
1 |
1 |
0 |
1 |
3 |
|
Shots
|
| Canucks |
11 |
13 |
14 |
2 |
3 |
40 |
| Sharks |
5 |
20 |
12 |
2 |
2 |
39 |
|
1st period
1. Canucks , Brad Boyes 44 (Clarke MacArthur 35, Mike Ribeiro 48) at 8:21 (PP)
Penalties :
Shaone Morrisonn (Van) for Hooking (Minor) at 2:54, Maxim Afinogenov (SJS) for Hooking (Minor) at 6:39, T.J. Hensick (SJS) for Slashing (Minor) at 13:59
2nd period
2. Sharks , Maxim Afinogenov 27 (Ted Purcell 25, Kevin Shattenkirk 54) at 8:02
Penalties :
Brad Boyes (Van) for Holding (Minor) at 0:23, Nick Palmieri (SJS) for Diving (Minor) at 14:27
3rd period
3. Sharks , Nick Palmieri 12 (Kevin Shattenkirk 55, T.J. Hensick 14) at 10:43
4. Canucks , Brad Boyes 45 (Jamie McBain 38, Mike Ribeiro 49) at 19:43
Penalties :
T.J. Hensick (SJS) for Hooking (Minor) at 6:06, Maxim Afinogenov (SJS) for Hooking (Minor) at 13:18
Overtime #1
No Goal
Penalties :
No Penalty
Shootout
Penalty Shot by Mike Ribeiro for Canucks - Shot Misses the Net
Penalty Shot by Ted Purcell for Sharks - Goal!
Penalty Shot by Brad Boyes for Canucks - Stopped by Tyler Weiman
Penalty Shot by Kevin Shattenkirk for Sharks - Stopped by Michal Neuvirth
Penalty Shot by Clarke MacArthur for Canucks - Shot Misses the Net
Penalties :
No Penalty
Goalie Stats
Michal Neuvirth (Van), 37 saves from 39 shots - (0.949), OTL, 40-9-4, 64:02 minutes
Tyler Weiman (SJS), 38 saves from 40 shots - (0.950), W, 11-15-4, 65:00 minutes
Players Stats for Canucks
Player Name G A P +/- PIM S H SB GA TA FO MP PP MP PK MP
------------------------------------------------------------------------------------
Alex Goligoski 0 0 0 0 0 0 2 2 3 0 0/0 32:25 5:41 1:47
Ben Lovejoy 0 0 0 -1 0 3 3 2 0 2 0/0 21:06 3:57 2:11
Brad Boyes 2 0 2 1 2 9 1 0 1 0 0/0 26:02 5:07 0:59
Chris Higgins 0 0 0 0 0 2 2 1 1 0 0/1 18:22 4:31 1:14
Clarke MacArthur 0 1 1 1 0 3 2 0 1 1 0/1 25:37 5:07 1:41
Darren Helm 0 0 0 -1 0 0 0 0 0 0 0/0 5:35 0:00 0:46
Jamie McBain 0 1 1 0 0 7 2 4 1 3 0/0 32:37 5:41 2:11
Jiri Hudler 0 0 0 0 0 1 0 1 0 0 0/0 17:03 4:31 0:00
Jonathan Blum 0 0 0 -1 0 2 0 2 0 1 0/0 19:34 3:57 0:00
Martins Karsums 0 0 0 -1 0 1 1 0 0 0 0/1 11:35 0:00 0:00
Matt Stajan 0 0 0 0 0 2 0 1 0 0 4/7 13:49 0:00 0:16
Maxim Lapierre 0 0 0 -1 0 3 2 0 0 1 3/6 11:35 0:00 0:00
Mike Ribeiro 0 2 2 1 0 3 2 0 0 0 28/51 27:00 5:07 1:56
Nik Antropov 0 0 0 -1 0 0 1 0 0 0 3/4 11:30 4:31 0:43
Ryan Hollweg 0 0 0 -1 0 0 2 1 1 0 1/1 13:03 0:00 0:21
Sami Lepisto 0 0 0 0 0 2 0 0 0 1 0/0 13:16 0:00 1:47
Shaone Morrisonn 0 0 0 0 2 0 0 1 2 0 0/0 11:02 0:00 0:00
Stefan Ruzicka 0 0 0 -1 0 2 0 0 0 0 0/0 4:49 0:00 0:00
Players Stats for Sharks
Player Name G A P +/- PIM S H SB GA TA FO MP PP MP PK MP
------------------------------------------------------------------------------------
Andrej Sekera 0 0 0 0 0 3 1 2 0 0 0/0 21:49 0:00 4:15
Boris Valabik 0 0 0 0 0 1 0 2 0 3 0/0 24:04 1:29 0:21
Brayden McNabb 0 0 0 0 0 0 0 0 0 0 0/0 2:29 0:00 0:00
Cal Clutterbuck 0 0 0 0 0 2 0 1 0 0 0/2 14:28 1:57 0:00
Chris Campoli 0 0 0 0 0 2 2 0 0 1 0/0 29:00 2:29 4:29
Damien Brunner 0 0 0 0 0 0 1 0 0 0 1/3 8:59 0:20 2:20
David Legwand 0 0 0 1 0 1 1 1 0 1 15/35 26:07 1:40 5:56
Erik Cole 0 0 0 -1 0 0 0 0 0 0 0/0 3:03 0:00 0:53
Frans Nielsen 0 0 0 0 0 5 2 2 1 1 12/21 22:12 1:57 2:43
Kevin Shattenkirk 0 2 2 2 0 3 3 2 3 1 0/0 30:47 2:27 5:02
Mark Stuart 0 0 0 0 0 0 0 1 0 2 0/0 21:51 1:31 5:09
Maxim Afinogenov 1 0 1 0 4 4 1 1 0 0 0/0 21:20 1:41 1:25
Nick Palmieri 1 0 1 1 2 6 3 0 0 0 0/1 13:12 0:20 0:00
Oskar Osala 0 0 0 0 0 3 0 0 1 0 1/1 13:43 0:21 0:00
Patrik Elias 0 0 0 0 0 0 0 0 0 0 0/0 5:15 0:00 0:00
Ryane Clowe 0 0 0 0 0 3 0 0 0 0 0/0 14:28 1:57 0:00
T.J. Hensick 0 1 1 1 4 3 2 0 0 0 2/7 11:14 0:00 0:00
Ted Purcell 0 1 1 1 0 3 2 0 4 1 2/2 26:16 1:41 5:59
3 Stars
1 - Tyler Weiman (SJS)
2 - Kevin Shattenkirk (SJS)
3 - Brad Boyes (Van)
Power Play
Canucks - 1 on 5 Attempt(s) - 20.00%
Sharks - 0 on 2 Attempt(s) - 0.00%
Penalty Kill
Canucks - 2 on 2 Attempt(s) - 100.00%
- Score 0 goal in Penalty Kill
Sharks - 4 on 5 Attempt(s) - 80.00%
- Score 0 goal in Penalty Kill
Team Stat
Canucks - Hits : 20 - Faceoff Wins : 39 - Blocked Shots : 15 - Penalty Minutes : 4
Sharks - Hits : 18 - Faceoff Wins : 33 - Blocked Shots : 12 - Penalty Minutes : 10
Official
Referees : Sutherland Kelly and Banfield David
Linesman : Vaughan Rody and Michel Cormier
Game Notes
19:43 of 3rd period - Canucks goal is going for a video replay. After video review, Goal.
Finance
Level 1 -- Attendance: 4143 (69.05%) -- Ticket Income $393,585
Level 2 -- Attendance: 3151 (63.02%) -- Ticket Income $204,815
Level 3 -- Attendance: 1166 (58.30%) -- Ticket Income $52,470
Level 4 -- Attendance: 4000 (100.00%) -- Ticket Income $100,000
Luxury Box -- Attendance: 624 (62.40%) -- Ticket Income $115,440
Game was played at the Hockey Place Center.
Total Attendance: 13084 (72.69%)
Total Ticket Income: $866,310
Other Income: $129,946
Total Income: $996,256
Canucks
5 vs 5 Forward
Center Left Wing Right Wing Time % Phy DF OF
1 Mike Ribeiro Clarke MacArthur Brad Boyes 60 0 0 5
2 Matt Stajan Chris Higgins Jiri Hudler 22 0 0 5
3 Maxim Lapierre Ryan Hollweg Martins Karsums 14 0 2 3
4 Nik Antropov Darren Helm Stefan Ruzicka 4 0 3 2
5 vs 5 Defense
Defense Defense Time % Phy DF OF
1 Jamie McBain Alex Goligoski 62 0 0 5
2 Ben Lovejoy Jonathan Blum 20 0 0 5
3 Shaone Morrisonn Sami Lepisto 12 0 3 2
4 Jonathan Blum Alex Goligoski 6 0 0 5
PowerPlay Forward
Center Left Wing Right Wing Time % Phy DF OF
1 Mike Ribeiro Clarke MacArthur Brad Boyes 80 0 0 5
2 Nik Antropov Chris Higgins Jiri Hudler 20 0 0 5
PowerPlay Defense
Defense Defense Time % Phy DF OF
1 Jamie McBain Alex Goligoski 80 0 0 5
2 Ben Lovejoy Jonathan Blum 20 0 0 5
Penalty Kill 4 Players Forward
Center Wing Time % Phy DF OF
1 Mike Ribeiro Brad Boyes 60 1 2 2
2 Clarke MacArthur Nik Antropov 40 1 2 2
Penalty Kill 4 Players Defense
Defense Defense Time % Phy DF OF
1 Jamie McBain Ben Lovejoy 60 1 2 2
2 Sami Lepisto Alex Goligoski 40 1 2 2
Penalty Kill - 3 Players Forward
Forward Time % Phy DF OF
1 Mike Ribeiro 60 1 2 2
2 Brad Boyes 40 1 2 2
Penalty Kill - 3 Players Defense
Defense Defense Time % Phy DF OF
1 Shaone Morrisonn Ben Lovejoy 60 1 2 2
2 Jamie McBain Alex Goligoski 40 1 2 2
4 vs 4 Forward
Center Wing Time % Phy DF OF
1 Mike Ribeiro Brad Boyes 60 0 0 5
2 Clarke MacArthur Nik Antropov 40 1 2 2
4 vs 4 Defense
Defense Defense Time % Phy DF OF
1 Jamie McBain Alex Goligoski 60 0 0 5
2 Jonathan Blum Alex Goligoski 40 1 2 2
Last Minutes Offensive
Center Left Wing Right Wing Defense Defense
Mike Ribeiro Clarke MacArthur Brad Boyes Alex Goligoski Jamie McBain
Last Minutes Defensive
Center Left Wing Right Wing Defense Defense
Mike Ribeiro Clarke MacArthur Brad Boyes Jamie McBain Alex Goligoski
Goaltenders
Starting : Michal Neuvirth
Backup : Karri Ramo
Extra Forwards
Normal : Matt Stajan, Ryan Hollweg, Clarke MacArthur - PP : Matt Stajan, Ryan Hollweg - PK : Chris Higgins
Extra Defensemen
Normal : Ben Lovejoy, Sami Lepisto, Jamie McBain - PP : Ben Lovejoy - PK : Sami Lepisto, Jamie McBain
Penalty Shots
Mike Ribeiro, Brad Boyes, Clarke MacArthur, Nik Antropov, Jiri Hudler
Scratches
Jordan LaVallee (Healthy), Noah Welch (Sprained Left Knee Injury)
Sharks
5 vs 5 Forward
Center Left Wing Right Wing Time % Phy DF OF
1 David Legwand Ted Purcell Maxim Afinogenov 40 2 2 1
2 Frans Nielsen Ryane Clowe Cal Clutterbuck 30 2 2 1
3 T.J. Hensick Oskar Osala Nick Palmieri 20 2 2 1
4 Frans Nielsen Patrik Elias Damien Brunner 10 2 2 1
5 vs 5 Defense
Defense Defense Time % Phy DF OF
1 Kevin Shattenkirk Chris Campoli 40 2 2 1
2 Mark Stuart Boris Valabik 30 2 2 1
3 Boris Valabik Andrej Sekera 20 2 2 1
4 Kevin Shattenkirk Andrej Sekera 10 2 2 1
PowerPlay Forward
Center Left Wing Right Wing Time % Phy DF OF
1 David Legwand Ted Purcell Maxim Afinogenov 60 1 2 2
2 Frans Nielsen Ryane Clowe Cal Clutterbuck 40 1 2 2
PowerPlay Defense
Defense Defense Time % Phy DF OF
1 Kevin Shattenkirk Chris Campoli 60 1 2 2
2 Mark Stuart Chris Campoli 40 1 2 2
Penalty Kill 4 Players Forward
Center Wing Time % Phy DF OF
1 David Legwand Ted Purcell 60 1 4 0
2 Frans Nielsen Maxim Afinogenov 40 1 4 0
Penalty Kill 4 Players Defense
Defense Defense Time % Phy DF OF
1 Kevin Shattenkirk Mark Stuart 60 1 4 0
2 Chris Campoli Andrej Sekera 40 1 4 0
Penalty Kill - 3 Players Forward
Forward Time % Phy DF OF
1 David Legwand 60 1 4 0
2 Frans Nielsen 40 1 4 0
Penalty Kill - 3 Players Defense
Defense Defense Time % Phy DF OF
1 Kevin Shattenkirk Mark Stuart 60 1 4 0
2 Chris Campoli Andrej Sekera 40 1 4 0
4 vs 4 Forward
Center Wing Time % Phy DF OF
1 David Legwand Ted Purcell 60 2 2 1
2 Erik Cole Maxim Afinogenov 40 2 2 1
4 vs 4 Defense
Defense Defense Time % Phy DF OF
1 Kevin Shattenkirk Andrej Sekera 60 2 2 1
2 Brayden McNabb Chris Campoli 40 2 2 1
Last Minutes Offensive
Center Left Wing Right Wing Defense Defense
David Legwand Ted Purcell Maxim Afinogenov Kevin Shattenkirk Mark Stuart
Last Minutes Defensive
Center Left Wing Right Wing Defense Defense
Frans Nielsen Erik Cole Maxim Afinogenov Andrej Sekera Mark Stuart
Goaltenders
Starting : Tyler Weiman
Backup : Brent Krahn
Extra Forwards
Normal : Oskar Osala, Nick Palmieri, Damien Brunner - PP : Oskar Osala, Nick Palmieri - PK : Damien Brunner
Extra Defensemen
Normal : Chris Campoli, Boris Valabik, Andrej Sekera - PP : Boris Valabik - PK : Chris Campoli, Andrej Sekera
Penalty Shots
Ted Purcell, Kevin Shattenkirk, Maxim Afinogenov, T.J. Hensick, Frans Nielsen
Scratches
Martin Erat (Healthy), Patrick O'Sullivan (Healthy), Rob Schremp (Healthy), Steve Montador (Healthy), Justin Pogge (Healthy)
% Time on Ice - Canucks
Lines # - Real PCT - Wanted PCT - Time Play
Normal Forward
1 - 37% - 60% - 16:48
2 - 27% - 22% - 12:32
3 - 25% - 14% - 11:35
4 - 11% - 4% - 4:49
Normal Defense
1 - 47% - 62% - 21:17
2 - 27% - 20% - 12:25
3 - 24% - 12% - 11:02
4 - 2% - 6% - 1:00
PP Forward
1 - 53% - 80% - 5:07
2 - 47% - 20% - 4:31
PP Defense
1 - 59% - 80% - 5:41
2 - 41% - 20% - 3:57
PK Forward
1 - 82% - 60% - 3:15
2 - 18% - 40% - 0:43
PK Defense
1 - 55% - 60% - 2:11
2 - 45% - 40% - 1:47
PK3 Forward
1 - 0% - 60%
2 - 0% - 40%
PK3 Defense
1 - 0% - 60%
2 - 0% - 40%
44 Forward
1 - 73% - 60% - 3:38
2 - 27% - 40% - 1:22
44 Defense
1 - 56% - 60% - 2:48
2 - 44% - 40% - 2:12
Last Minute Offensive - 0:40
Last Minute Defensive - 0:00
Total
Forward - 65:00
Defense - 65:00
|
% Time on Ice - Sharks
Lines # - Real PCT - Wanted PCT - Time Play
Normal Forward
1 - 37% - 40% - 16:47
2 - 28% - 30% - 12:37
3 - 24% - 20% - 11:05
4 - 11% - 10% - 5:15
Normal Defense
1 - 39% - 40% - 17:39
2 - 36% - 30% - 16:21
3 - 19% - 20% - 8:40
4 - 7% - 10% - 3:04
PP Forward
1 - 51% - 60% - 2:01
2 - 49% - 40% - 1:57
PP Defense
1 - 62% - 60% - 2:27
2 - 38% - 40% - 1:31
PK Forward
1 - 72% - 60% - 6:55
2 - 28% - 40% - 2:43
PK Defense
1 - 57% - 60% - 5:30
2 - 43% - 40% - 4:08
PK3 Forward
1 - 0% - 60%
2 - 0% - 40%
PK3 Defense
1 - 0% - 60%
2 - 0% - 40%
44 Forward
1 - 70% - 60% - 3:30
2 - 30% - 40% - 1:30
44 Defense
1 - 56% - 60% - 2:49
2 - 44% - 40% - 2:11
Last Minute Offensive - 0:00
Last Minute Defensive - 0:40
Total
Forward - 65:00
Defense - 65:00
|
Play by Play
1st period
0:01 of 1st period - Mike Ribeiro wins face-off versus David Legwand in neutral zone.
0:09 of 1st period - Off-side.
0:10 of 1st period - Mike Ribeiro wins face-off versus David Legwand in neutral zone.
0:22 of 1st period - Icing by Ted Purcell.
0:23 of 1st period - David Legwand wins face-off versus Matt Stajan in Sharks zone.
0:59 of 1st period - Wrist shot by Chris Higgins.
0:59 of 1st period - Shot Misses the Net.
1:01 of 1st period - Wrist shot by Matt Stajan.
1:01 of 1st period - Stopped by Tyler Weiman without a rebound.
1:02 of 1st period - Frans Nielsen wins face-off versus Mike Ribeiro in Sharks zone.
1:53 of 1st period - Stefan Ruzicka is hit by Frans Nielsen and loses puck.
2:13 of 1st period - Wrist shot by Mike Ribeiro.
2:13 of 1st period - Stopped by Tyler Weiman with a rebound.
2:15 of 1st period - Slapshot by Clarke MacArthur.
2:15 of 1st period - Shot Blocked by Maxim Afinogenov.
2:17 of 1st period - Snap shot by Ben Lovejoy.
2:17 of 1st period - Shot Blocked by Boris Valabik.
2:19 of 1st period - Snap shot by Mike Ribeiro.
2:19 of 1st period - Shot Misses the Net.
2:31 of 1st period - Slapshot by Chris Higgins.
2:31 of 1st period - Shot Misses the Net.
2:54 of 1st period - Minor Penalty to Shaone Morrisonn for Hooking.
2:55 of 1st period - Frans Nielsen wins face-off versus Mike Ribeiro in Canucks zone.
3:11 of 1st period - Snap shot by Ryane Clowe.
3:11 of 1st period - Shot Blocked by Jamie McBain.
4:51 of 1st period - Snap shot by Kevin Shattenkirk.
4:51 of 1st period - Stopped by Michal Neuvirth with a rebound.
4:54 of 1st period - Penalty to Shaone Morrisonn is over, Shaone Morrisonn is back on ice.
5:06 of 1st period - Nick Palmieri is hit by Ryan Hollweg and loses puck.
5:17 of 1st period - Icing by Maxim Lapierre.
5:18 of 1st period - Maxim Lapierre wins face-off versus David Legwand in Canucks zone.
6:37 of 1st period - Wrist shot by Mike Ribeiro.
6:37 of 1st period - Shot Misses the Net.
6:39 of 1st period - Minor Penalty to Maxim Afinogenov for Hooking.
6:40 of 1st period - Mike Ribeiro wins face-off versus David Legwand in Sharks zone.
6:47 of 1st period - Wrist shot by Alex Goligoski.
6:47 of 1st period - Shot Misses the Net.
7:05 of 1st period - David Legwand is hit by Chris Higgins and loses puck.
7:16 of 1st period - Slapshot by Jamie McBain.
7:16 of 1st period - Stopped by Tyler Weiman without a rebound.
7:17 of 1st period - Frans Nielsen wins face-off versus Mike Ribeiro in Sharks zone.
7:50 of 1st period - Wrist shot by Chris Higgins.
7:50 of 1st period - Shot Misses the Net.
8:09 of 1st period - Snap shot by Jamie McBain.
8:09 of 1st period - Stopped by Tyler Weiman with a rebound.
8:11 of 1st period - Slapshot by Jamie McBain.
8:11 of 1st period - Shot Blocked by Frans Nielsen.
8:13 of 1st period - Slapshot by Alex Goligoski.
8:13 of 1st period - Shot Misses the Net.
8:15 of 1st period - Slapshot by Jamie McBain.
8:15 of 1st period - Stopped by Tyler Weiman without a rebound.
8:16 of 1st period - Mike Ribeiro wins face-off versus Frans Nielsen in Sharks zone.
8:21 of 1st period - Snap shot by Brad Boyes.
8:21 of 1st period - Goal by Brad Boyes - Canucks : 1 - Sharks : 0.
8:22 of 1st period - Mike Ribeiro wins face-off versus Frans Nielsen in neutral zone.
8:36 of 1st period - Ryane Clowe is hit by Mike Ribeiro and loses puck.
9:16 of 1st period - Wrist shot by David Legwand.
9:16 of 1st period - Shot Blocked by Jonathan Blum.
9:30 of 1st period - Ben Lovejoy is hit by Chris Campoli and loses puck.
10:25 of 1st period - Icing by Mark Stuart.
10:26 of 1st period - Mike Ribeiro wins face-off versus David Legwand in Sharks zone.
10:51 of 1st period - Frans Nielsen is hit by Chris Higgins.
11:50 of 1st period - Slapshot by Stefan Ruzicka.
11:50 of 1st period - Shot Misses the Net.
12:17 of 1st period - Wrist shot by Matt Stajan.
12:17 of 1st period - Shot Blocked by Kevin Shattenkirk.
12:19 of 1st period - Wrist shot by Jiri Hudler.
12:19 of 1st period - Stopped by Tyler Weiman without a rebound.
12:20 of 1st period - David Legwand wins face-off versus Mike Ribeiro in Sharks zone.
12:37 of 1st period - Wrist shot by Ted Purcell.
12:37 of 1st period - Stopped by Michal Neuvirth without a rebound.
12:38 of 1st period - Mike Ribeiro wins face-off versus Frans Nielsen in Canucks zone.
13:23 of 1st period - Snap shot by Brad Boyes.
13:23 of 1st period - Stopped by Tyler Weiman without a rebound.
13:24 of 1st period - Matt Stajan wins face-off versus David Legwand in Sharks zone.
13:42 of 1st period - Off-side.
13:43 of 1st period - Ryan Hollweg wins face-off versus T.J. Hensick in neutral zone.
13:50 of 1st period - Snap shot by Maxim Lapierre.
13:50 of 1st period - Stopped by Tyler Weiman with a rebound.
13:52 of 1st period - Slapshot by Jamie McBain.
13:52 of 1st period - Stopped by Tyler Weiman with a rebound.
13:54 of 1st period - Snap shot by Martins Karsums.
13:54 of 1st period - Shot Misses the Net.
13:59 of 1st period - Minor Penalty to T.J. Hensick for Slashing.
14:00 of 1st period - David Legwand wins face-off versus Mike Ribeiro in Sharks zone.
14:12 of 1st period - Icing by Jamie McBain.
14:13 of 1st period - Mike Ribeiro wins face-off versus David Legwand in Canucks zone.
14:59 of 1st period - Slapshot by Jamie McBain.
14:59 of 1st period - Deflect By Brad Boyes.
14:59 of 1st period - Stopped by Tyler Weiman without a rebound.
15:00 of 1st period - Nik Antropov wins face-off versus Frans Nielsen in Sharks zone.
15:45 of 1st period - Icing by Ben Lovejoy.
15:46 of 1st period - Damien Brunner wins face-off versus Nik Antropov in Canucks zone.
15:59 of 1st period - Penalty to T.J. Hensick is over, T.J. Hensick is back on ice.
16:04 of 1st period - Off-side.
16:05 of 1st period - Frans Nielsen wins face-off versus Mike Ribeiro in neutral zone.
16:12 of 1st period - Wrist shot by Cal Clutterbuck.
16:12 of 1st period - Shot Misses the Net.
16:18 of 1st period - Snap shot by Ryane Clowe.
16:18 of 1st period - Stopped by Michal Neuvirth without a rebound.
16:19 of 1st period - Frans Nielsen wins face-off versus Mike Ribeiro in Canucks zone.
16:20 of 1st period - Snap shot by Ryane Clowe.
16:20 of 1st period - Shot Misses the Net.
16:44 of 1st period - Maxim Lapierre is hit by Kevin Shattenkirk and loses puck.
16:53 of 1st period - Slapshot by Maxim Afinogenov.
16:53 of 1st period - Stopped by Michal Neuvirth without a rebound.
16:54 of 1st period - Frans Nielsen wins face-off versus Clarke MacArthur in Canucks zone.
16:57 of 1st period - Snap shot by Cal Clutterbuck.
16:57 of 1st period - Shot Misses the Net.
16:59 of 1st period - Slapshot by Boris Valabik.
16:59 of 1st period - Shot Misses the Net.
17:01 of 1st period - Snap shot by Boris Valabik.
17:01 of 1st period - Shot Blocked by Jonathan Blum.
17:03 of 1st period - Snap shot by Mark Stuart.
17:03 of 1st period - Shot Blocked by Ben Lovejoy.
17:05 of 1st period - Snap shot by Boris Valabik.
17:05 of 1st period - Shot Misses the Net.
17:07 of 1st period - Snap shot by Boris Valabik.
17:07 of 1st period - Shot Blocked by Ben Lovejoy.
17:09 of 1st period - Wrist shot by Ryane Clowe.
17:09 of 1st period - Shot Misses the Net.
17:44 of 1st period - Alex Goligoski is hit by Nick Palmieri and loses puck.
18:24 of 1st period - Wrist shot by Cal Clutterbuck.
18:24 of 1st period - Deflect By Ryane Clowe.
18:24 of 1st period - Stopped by Michal Neuvirth with a rebound.
18:26 of 1st period - Snap shot by Ryane Clowe.
18:26 of 1st period - Shot Misses the Net.
19:22 of 1st period - Ryane Clowe is hit by Clarke MacArthur and loses puck.
19:37 of 1st period - Shaone Morrisonn is hit by Maxim Afinogenov and loses puck.
Goals for this period are 1 for Canucks vs 0 for Sharks.
Shots for this period are 11 for Canucks vs 5 for Sharks.
2nd period
0:01 of 2nd period - David Legwand wins face-off versus Mike Ribeiro in neutral zone.
0:08 of 2nd period - Jamie McBain is hit by David Legwand and loses puck.
0:23 of 2nd period - Minor Penalty to Brad Boyes for Holding.
0:24 of 2nd period - Mike Ribeiro wins face-off versus David Legwand in Canucks zone.
0:59 of 2nd period - Slapshot by Chris Campoli.
0:59 of 2nd period - Stopped by Michal Neuvirth with a rebound.
1:57 of 2nd period - Boris Valabik is hit by Alex Goligoski and loses puck.
2:10 of 2nd period - Frans Nielsen is hit by Ryan Hollweg and loses puck.
2:23 of 2nd period - Penalty to Brad Boyes is over, Brad Boyes is back on ice.
2:55 of 2nd period - Slapshot by Maxim Lapierre.
2:55 of 2nd period - Stopped by Tyler Weiman with a rebound.
3:27 of 2nd period - Wrist shot by Alex Goligoski.
3:27 of 2nd period - Shot Misses the Net.
3:29 of 2nd period - Snap shot by Matt Stajan.
3:29 of 2nd period - Shot Blocked by Frans Nielsen.
3:31 of 2nd period - Slapshot by Alex Goligoski.
3:31 of 2nd period - Shot Blocked by Andrej Sekera.
3:42 of 2nd period - Icing by Maxim Afinogenov.
3:43 of 2nd period - Mike Ribeiro wins face-off versus David Legwand in Sharks zone.
3:58 of 2nd period - Wrist shot by Jonathan Blum.
3:58 of 2nd period - Shot Hit the Post.
4:04 of 2nd period - Cal Clutterbuck is hit by Alex Goligoski and loses puck.
4:17 of 2nd period - Nick Palmieri is hit by Nik Antropov and loses puck.
5:12 of 2nd period - Chris Campoli is hit by Jamie McBain and loses puck.
5:29 of 2nd period - Backhand shot by Stefan Ruzicka.
5:29 of 2nd period - Deflect By Maxim Afinogenov.
5:29 of 2nd period - Stopped by Tyler Weiman without a rebound.
5:30 of 2nd period - Nik Antropov wins face-off versus David Legwand in Sharks zone.
5:53 of 2nd period - Snap shot by Nik Antropov.
5:53 of 2nd period - Shot Misses the Net.
5:55 of 2nd period - Slapshot by Jonathan Blum.
5:55 of 2nd period - Stopped by Tyler Weiman without a rebound.
5:56 of 2nd period - Mike Ribeiro wins face-off versus David Legwand in Sharks zone.
6:55 of 2nd period - Slapshot by Jamie McBain.
6:55 of 2nd period - Deflect By Boris Valabik.
6:55 of 2nd period - Stopped by Tyler Weiman without a rebound.
6:56 of 2nd period - David Legwand wins face-off versus Maxim Lapierre in Sharks zone.
6:56 of 2nd period - David Legwand is hit by Maxim Lapierre.
7:04 of 2nd period - Wrist shot by David Legwand.
7:04 of 2nd period - Stopped by Michal Neuvirth without a rebound.
7:05 of 2nd period - Maxim Lapierre wins face-off versus David Legwand in Canucks zone.
7:12 of 2nd period - Snap shot by Maxim Lapierre.
7:12 of 2nd period - Stopped by Tyler Weiman with a rebound.
7:58 of 2nd period - Slapshot by Kevin Shattenkirk.
7:58 of 2nd period - Shot Misses the Net.
8:00 of 2nd period - Snap shot by Ted Purcell.
8:00 of 2nd period - Stopped by Michal Neuvirth with a rebound.
8:02 of 2nd period - Snap shot by Maxim Afinogenov.
8:02 of 2nd period - Goal by Maxim Afinogenov - Canucks : 1 - Sharks : 1.
8:03 of 2nd period - Frans Nielsen wins face-off versus Mike Ribeiro in neutral zone.
8:14 of 2nd period - Backhand shot by Jamie McBain.
8:14 of 2nd period - Stopped by Tyler Weiman without a rebound.
8:15 of 2nd period - Mike Ribeiro wins face-off versus Cal Clutterbuck in Sharks zone.
8:26 of 2nd period - Mike Ribeiro is hit by Kevin Shattenkirk and loses puck.
8:31 of 2nd period - Slapshot by Frans Nielsen.
8:31 of 2nd period - Shot Blocked by Alex Goligoski.
8:53 of 2nd period - Snap shot by Chris Higgins.
8:53 of 2nd period - Stopped by Tyler Weiman with a rebound.
9:03 of 2nd period - Backhand shot by Stefan Ruzicka.
9:03 of 2nd period - Stopped by Tyler Weiman with a rebound.
9:13 of 2nd period - Wrist shot by Ben Lovejoy.
9:13 of 2nd period - Stopped by Tyler Weiman with a rebound.
9:15 of 2nd period - Backhand shot by Nik Antropov.
9:15 of 2nd period - Shot Misses the Net.
9:52 of 2nd period - Slapshot by Maxim Lapierre.
9:52 of 2nd period - Shot Misses the Net.
9:54 of 2nd period - Slapshot by Ben Lovejoy.
9:54 of 2nd period - Stopped by Tyler Weiman without a rebound.
9:55 of 2nd period - Mike Ribeiro wins face-off versus Nick Palmieri in Sharks zone.
10:25 of 2nd period - Snap shot by Frans Nielsen.
10:25 of 2nd period - Shot Blocked by Matt Stajan.
10:27 of 2nd period - Snap shot by Ryane Clowe.
10:27 of 2nd period - Stopped by Michal Neuvirth without a rebound.
10:28 of 2nd period - Matt Stajan wins face-off versus David Legwand in Canucks zone.
10:39 of 2nd period - Snap shot by Chris Higgins.
10:39 of 2nd period - Stopped by Tyler Weiman without a rebound.
10:40 of 2nd period - Mike Ribeiro wins face-off versus Frans Nielsen in Sharks zone.
10:52 of 2nd period - Snap shot by Frans Nielsen.
10:52 of 2nd period - Stopped by Michal Neuvirth with a rebound.
10:54 of 2nd period - Snap shot by Ryane Clowe.
10:54 of 2nd period - Shot Misses the Net.
11:32 of 2nd period - Wrist shot by Maxim Afinogenov.
11:32 of 2nd period - Stopped by Michal Neuvirth without a rebound.
11:33 of 2nd period - David Legwand wins face-off versus Matt Stajan in Canucks zone.
12:00 of 2nd period - Andrej Sekera is hit by Martins Karsums and loses puck.
12:10 of 2nd period - Andrej Sekera is hit by Ben Lovejoy and loses puck.
12:46 of 2nd period - Wrist shot by Matt Stajan.
12:46 of 2nd period - Shot Misses the Net.
13:17 of 2nd period - Ted Purcell is hit by Brad Boyes.
13:31 of 2nd period - Snap shot by Kevin Shattenkirk.
13:31 of 2nd period - Stopped by Michal Neuvirth without a rebound.
13:32 of 2nd period - Frans Nielsen wins face-off versus Maxim Lapierre in Canucks zone.
13:37 of 2nd period - Wrist shot by Cal Clutterbuck.
13:37 of 2nd period - Stopped by Michal Neuvirth without a rebound.
13:38 of 2nd period - Mike Ribeiro wins face-off versus Cal Clutterbuck in Canucks zone.
13:43 of 2nd period - Snap shot by Frans Nielsen.
13:43 of 2nd period - Stopped by Michal Neuvirth without a rebound.
13:44 of 2nd period - Mike Ribeiro wins face-off versus Frans Nielsen in Canucks zone.
14:10 of 2nd period - Alex Goligoski is hit by T.J. Hensick and loses puck.
14:27 of 2nd period - Minor Penalty to Nick Palmieri for Diving.
14:28 of 2nd period - David Legwand wins face-off versus Mike Ribeiro in Sharks zone.
14:39 of 2nd period - Clarke MacArthur is hit by Ted Purcell and loses puck.
14:58 of 2nd period - Wrist shot by Nik Antropov.
14:58 of 2nd period - Shot Misses the Net.
15:31 of 2nd period - Icing by Jiri Hudler.
15:32 of 2nd period - Nik Antropov wins face-off versus Damien Brunner in Canucks zone.
15:49 of 2nd period - Jonathan Blum is hit by Damien Brunner and loses puck.
16:27 of 2nd period - Penalty to Nick Palmieri is over, Nick Palmieri is back on ice.
17:13 of 2nd period - Snap shot by Frans Nielsen.
17:13 of 2nd period - Stopped by Michal Neuvirth with a rebound.
17:15 of 2nd period - Slapshot by Andrej Sekera.
17:15 of 2nd period - Stopped by Michal Neuvirth with a rebound.
17:17 of 2nd period - Snap shot by Frans Nielsen.
17:17 of 2nd period - Shot Misses the Net.
17:19 of 2nd period - Slapshot by Andrej Sekera.
17:19 of 2nd period - Stopped by Michal Neuvirth with a rebound.
17:21 of 2nd period - Slapshot by Andrej Sekera.
17:21 of 2nd period - Shot Blocked by Jiri Hudler.
17:23 of 2nd period - Slapshot by Andrej Sekera.
17:23 of 2nd period - Stopped by Michal Neuvirth with a rebound.
17:25 of 2nd period - Snap shot by Ryane Clowe.
17:25 of 2nd period - Shot Blocked by Jamie McBain.
17:27 of 2nd period - Snap shot by Cal Clutterbuck.
17:27 of 2nd period - Shot Blocked by Chris Higgins.
17:29 of 2nd period - Snap shot by Cal Clutterbuck.
17:29 of 2nd period - Shot Misses the Net.
17:31 of 2nd period - Snap shot by Cal Clutterbuck.
17:31 of 2nd period - Stopped by Michal Neuvirth without a rebound.
17:32 of 2nd period - Mike Ribeiro wins face-off versus David Legwand in Canucks zone.
17:43 of 2nd period - Wrist shot by Clarke MacArthur.
17:43 of 2nd period - Stopped by Tyler Weiman with a rebound.
18:01 of 2nd period - Slapshot by Nick Palmieri.
18:01 of 2nd period - Stopped by Michal Neuvirth with a rebound.
18:03 of 2nd period - Slapshot by Boris Valabik.
18:03 of 2nd period - Stopped by Michal Neuvirth with a rebound.
18:05 of 2nd period - Snap shot by T.J. Hensick.
18:05 of 2nd period - Stopped by Michal Neuvirth with a rebound.
18:07 of 2nd period - Slapshot by Mark Stuart.
18:07 of 2nd period - Shot Blocked by Shaone Morrisonn.
18:09 of 2nd period - Snap shot by Oskar Osala.
18:09 of 2nd period - Stopped by Michal Neuvirth with a rebound.
18:19 of 2nd period - Sami Lepisto is hit by Kevin Shattenkirk.
18:27 of 2nd period - Wrist shot by Martins Karsums.
18:27 of 2nd period - Stopped by Tyler Weiman without a rebound.
18:28 of 2nd period - Frans Nielsen wins face-off versus Mike Ribeiro in Sharks zone.
19:42 of 2nd period - Snap shot by Nick Palmieri.
19:42 of 2nd period - Deflect By T.J. Hensick.
19:42 of 2nd period - Stopped by Michal Neuvirth without a rebound.
19:43 of 2nd period - Mike Ribeiro wins face-off versus T.J. Hensick in Canucks zone.
19:43 of 2nd period - Mike Ribeiro is hit by Nick Palmieri.
Goals for this period are 0 for Canucks vs 1 for Sharks.
Shots for this period are 13 for Canucks vs 20 for Sharks.
3rd period
0:01 of 3rd period - Frans Nielsen wins face-off versus Mike Ribeiro in neutral zone.
0:25 of 3rd period - Alex Goligoski is hit by Ted Purcell and loses puck.
0:32 of 3rd period - Wrist shot by Matt Stajan.
0:32 of 3rd period - Stopped by Tyler Weiman with a rebound.
1:27 of 3rd period - Chris Campoli is hit by Ben Lovejoy and loses puck.
1:34 of 3rd period - Slapshot by Ben Lovejoy.
1:34 of 3rd period - Stopped by Tyler Weiman without a rebound.
1:35 of 3rd period - Mike Ribeiro wins face-off versus T.J. Hensick in Sharks zone.
2:42 of 3rd period - Mark Stuart is hit by Maxim Lapierre and loses puck.
2:46 of 3rd period - Icing by Mark Stuart.
2:47 of 3rd period - Mike Ribeiro wins face-off versus T.J. Hensick in Sharks zone.
2:54 of 3rd period - Jamie McBain is hit by Nick Palmieri and loses puck.
3:09 of 3rd period - Snap shot by Oskar Osala.
3:09 of 3rd period - Shot Misses the Net.
3:15 of 3rd period - Wrist shot by Nick Palmieri.
3:15 of 3rd period - Stopped by Michal Neuvirth without a rebound.
3:16 of 3rd period - Matt Stajan wins face-off versus David Legwand in Canucks zone.
3:31 of 3rd period - Snap shot by Chris Higgins.
3:31 of 3rd period - Shot Misses the Net.
4:14 of 3rd period - Ben Lovejoy is hit by Frans Nielsen and loses puck.
4:39 of 3rd period - Snap shot by Frans Nielsen.
4:39 of 3rd period - Stopped by Michal Neuvirth without a rebound.
4:40 of 3rd period - Ted Purcell wins face-off versus Mike Ribeiro in Canucks zone.
4:47 of 3rd period - Slapshot by Ted Purcell.
4:47 of 3rd period - Shot Misses the Net.
5:39 of 3rd period - Slapshot by Jamie McBain.
5:39 of 3rd period - Deflect By Clarke MacArthur.
5:39 of 3rd period - Shot Misses the Net.
5:39 of 3rd period - Puck is out of play.
5:40 of 3rd period - David Legwand wins face-off versus Mike Ribeiro in Sharks zone.
5:45 of 3rd period - Snap shot by Maxim Afinogenov.
5:45 of 3rd period - Shot Misses the Net.
6:06 of 3rd period - Minor Penalty to T.J. Hensick for Hooking.
6:07 of 3rd period - Ted Purcell wins face-off versus Mike Ribeiro in Sharks zone.
6:16 of 3rd period - Slapshot by Alex Goligoski.
6:16 of 3rd period - Shot Blocked by Mark Stuart.
6:18 of 3rd period - Snap shot by Mike Ribeiro.
6:18 of 3rd period - Shot Blocked by David Legwand.
6:20 of 3rd period - Slapshot by Jamie McBain.
6:20 of 3rd period - Shot Misses the Net.
6:22 of 3rd period - Snap shot by Jamie McBain.
6:22 of 3rd period - Stopped by Tyler Weiman with a rebound.
8:06 of 3rd period - Penalty to T.J. Hensick is over, T.J. Hensick is back on ice.
8:13 of 3rd period - Icing by Damien Brunner.
8:14 of 3rd period - T.J. Hensick wins face-off versus Martins Karsums in Sharks zone.
8:18 of 3rd period - Off-side.
8:19 of 3rd period - T.J. Hensick wins face-off versus Maxim Lapierre in neutral zone.
8:32 of 3rd period - Wrist shot by Oskar Osala.
8:32 of 3rd period - Shot Misses the Net.
8:34 of 3rd period - Wrist shot by Nick Palmieri.
8:34 of 3rd period - Stopped by Michal Neuvirth with a rebound.
9:57 of 3rd period - Slapshot by Jiri Hudler.
9:57 of 3rd period - Shot Misses the Net.
10:43 of 3rd period - Snap shot by Nick Palmieri.
10:43 of 3rd period - Goal by Nick Palmieri - Canucks : 1 - Sharks : 2.
10:44 of 3rd period - Mike Ribeiro wins face-off versus Frans Nielsen in neutral zone.
10:47 of 3rd period - Cal Clutterbuck is hit by Jamie McBain and loses puck.
11:14 of 3rd period - Snap shot by Maxim Afinogenov.
11:14 of 3rd period - Stopped by Michal Neuvirth without a rebound.
11:15 of 3rd period - David Legwand wins face-off versus Mike Ribeiro in Canucks zone.
11:16 of 3rd period - Wrist shot by Ted Purcell.
11:16 of 3rd period - Stopped by Michal Neuvirth without a rebound.
11:17 of 3rd period - Mike Ribeiro wins face-off versus David Legwand in Canucks zone.
11:28 of 3rd period - Wrist shot by Clarke MacArthur.
11:28 of 3rd period - Stopped by Tyler Weiman without a rebound.
11:29 of 3rd period - Frans Nielsen wins face-off versus Mike Ribeiro in Sharks zone.
11:29 of 3rd period - Frans Nielsen is hit by Mike Ribeiro.
12:27 of 3rd period - Wrist shot by T.J. Hensick.
12:27 of 3rd period - Shot Misses the Net.
12:44 of 3rd period - Snap shot by Kevin Shattenkirk.
12:44 of 3rd period - Deflect By Frans Nielsen.
12:44 of 3rd period - Shot Misses the Net.
12:44 of 3rd period - Puck is out of play.
12:45 of 3rd period - Mike Ribeiro wins face-off versus Damien Brunner in Canucks zone.
12:45 of 3rd period - Mike Ribeiro is hit by Andrej Sekera.
13:07 of 3rd period - Snap shot by Mike Ribeiro.
13:07 of 3rd period - Shot Blocked by Andrej Sekera.
13:09 of 3rd period - Snap shot by Brad Boyes.
13:09 of 3rd period - Stopped by Tyler Weiman with a rebound.
13:15 of 3rd period - Wrist shot by Clarke MacArthur.
13:15 of 3rd period - Stopped by Tyler Weiman without a rebound.
13:16 of 3rd period - David Legwand wins face-off versus Matt Stajan in Sharks zone.
13:18 of 3rd period - Minor Penalty to Maxim Afinogenov for Hooking.
13:19 of 3rd period - Mike Ribeiro wins face-off versus David Legwand in Sharks zone.
13:19 of 3rd period - Wrist shot by Brad Boyes.
13:19 of 3rd period - Shot Misses the Net.
13:25 of 3rd period - Snap shot by Alex Goligoski.
13:25 of 3rd period - Deflect By Mike Ribeiro.
13:25 of 3rd period - Stopped by Tyler Weiman without a rebound.
13:26 of 3rd period - David Legwand wins face-off versus Mike Ribeiro in Sharks zone.
14:02 of 3rd period - Snap shot by Brad Boyes.
14:02 of 3rd period - Stopped by Tyler Weiman without a rebound.
14:03 of 3rd period - David Legwand wins face-off versus Chris Higgins in Sharks zone.
14:39 of 3rd period - Snap shot by Frans Nielsen.
14:39 of 3rd period - Stopped by Michal Neuvirth without a rebound.
14:40 of 3rd period - David Legwand wins face-off versus Mike Ribeiro in Canucks zone.
15:18 of 3rd period - Penalty to Maxim Afinogenov is over, Maxim Afinogenov is back on ice.
15:23 of 3rd period - Maxim Lapierre is hit by T.J. Hensick and loses puck.
15:28 of 3rd period - Wrist shot by T.J. Hensick.
15:28 of 3rd period - Deflect By Oskar Osala.
15:28 of 3rd period - Shot Blocked by Jamie McBain.
15:28 of 3rd period - Puck is out of play.
15:29 of 3rd period - Maxim Lapierre wins face-off versus T.J. Hensick in Canucks zone.
16:03 of 3rd period - Slapshot by Oskar Osala.
16:03 of 3rd period - Shot Misses the Net.
16:05 of 3rd period - Slapshot by Kevin Shattenkirk.
16:05 of 3rd period - Stopped by Michal Neuvirth with a rebound.
16:07 of 3rd period - Snap shot by Nick Palmieri.
16:07 of 3rd period - Deflect By T.J. Hensick.
16:07 of 3rd period - Stopped by Michal Neuvirth with a rebound.
16:09 of 3rd period - Wrist shot by Nick Palmieri.
16:09 of 3rd period - Shot Misses the Net.
16:33 of 3rd period - Snap shot by Nick Palmieri.
16:33 of 3rd period - Shot Misses the Net.
16:35 of 3rd period - Slapshot by Oskar Osala.
16:35 of 3rd period - Stopped by Michal Neuvirth with a rebound.
16:41 of 3rd period - Snap shot by Nick Palmieri.
16:41 of 3rd period - Stopped by Michal Neuvirth with a rebound.
16:43 of 3rd period - Slapshot by Chris Campoli.
16:43 of 3rd period - Stopped by Michal Neuvirth without a rebound.
16:44 of 3rd period - Frans Nielsen wins face-off versus Mike Ribeiro in Canucks zone.
17:26 of 3rd period - Slapshot by Shaone Morrisonn.
17:26 of 3rd period - Shot Blocked by Boris Valabik.
17:28 of 3rd period - Slapshot by Sami Lepisto.
17:28 of 3rd period - Stopped by Tyler Weiman with a rebound.
17:32 of 3rd period - Slapshot by Brad Boyes.
17:32 of 3rd period - Stopped by Tyler Weiman with a rebound.
17:43 of 3rd period - Icing by Frans Nielsen.
17:44 of 3rd period - Matt Stajan wins face-off versus Frans Nielsen in Sharks zone.
18:29 of 3rd period - Snap shot by Frans Nielsen.
18:29 of 3rd period - Shot Misses the Net.
18:45 of 3rd period - Canucks, Michal Neuvirth is pulled from the net.
19:01 of 3rd period - Wrist shot by Matt Stajan.
19:01 of 3rd period - Shot Misses the Net.
19:03 of 3rd period - Slapshot by Sami Lepisto.
19:03 of 3rd period - Deflect By Chris Higgins.
19:03 of 3rd period - Shot Blocked by Cal Clutterbuck.
19:03 of 3rd period - Puck is out of play.
19:04 of 3rd period - John Tortorella call a timeout for Canucks.
19:04 of 3rd period - Oskar Osala wins face-off versus Mike Ribeiro in Sharks zone.
19:35 of 3rd period - Slapshot by Mike Ribeiro.
19:35 of 3rd period - Stopped by Tyler Weiman with a rebound.
19:39 of 3rd period - Snap shot by Brad Boyes.
19:39 of 3rd period - Stopped by Tyler Weiman with a rebound.
19:43 of 3rd period - Backhand shot by Brad Boyes.
19:43 of 3rd period - Deflect By Maxim Afinogenov.
19:43 of 3rd period - Canucks goal is going for a video replay.
19:43 of 3rd period - The goal is good.
19:43 of 3rd period - Goal by Brad Boyes - Canucks : 2 - Sharks : 2.
19:43 of 3rd period - Michal Neuvirth from Canucks was sent back in the game.
19:44 of 3rd period - Mike Ribeiro wins face-off versus Frans Nielsen in neutral zone.
19:47 of 3rd period - Wrist shot by Brad Boyes.
19:47 of 3rd period - Shot Misses the Net.
19:49 of 3rd period - Wrist shot by Brad Boyes.
19:49 of 3rd period - Shot Misses the Net.
19:51 of 3rd period - Snap shot by Alex Goligoski.
19:51 of 3rd period - Shot Blocked by Kevin Shattenkirk.
19:53 of 3rd period - Snap shot by Brad Boyes.
19:53 of 3rd period - Stopped by Tyler Weiman with a rebound.
Goals for this period are 1 for Canucks vs 1 for Sharks.
Shots for this period are 14 for Canucks vs 12 for Sharks.
Overtime #1
0:01 of 1st overtime period - Mike Ribeiro wins face-off versus David Legwand in neutral zone.
0:23 of 1st overtime period - Icing by Alex Goligoski.
0:24 of 1st overtime period - David Legwand wins face-off versus Mike Ribeiro in Canucks zone.
0:57 of 1st overtime period - Kevin Shattenkirk is hit by Clarke MacArthur and loses puck.
1:45 of 1st overtime period - Matt Stajan is hit by Chris Campoli and loses puck.
1:50 of 1st overtime period - Backhand shot by Nick Palmieri.
1:50 of 1st overtime period - Shot Hit the Post.
1:52 of 1st overtime period - Wrist shot by Nick Palmieri.
1:52 of 1st overtime period - Stopped by Michal Neuvirth without a rebound.
1:53 of 1st overtime period - Mike Ribeiro wins face-off versus David Legwand in Canucks zone.
2:49 of 1st overtime period - Snap shot by Clarke MacArthur.
2:49 of 1st overtime period - Shot Misses the Net.
2:53 of 1st overtime period - Slapshot by Clarke MacArthur.
2:53 of 1st overtime period - Shot Misses the Net.
2:55 of 1st overtime period - Slapshot by Jonathan Blum.
2:55 of 1st overtime period - Stopped by Tyler Weiman with a rebound.
2:57 of 1st overtime period - Slapshot by Sami Lepisto.
2:57 of 1st overtime period - Stopped by Tyler Weiman without a rebound.
2:58 of 1st overtime period - David Legwand wins face-off versus Mike Ribeiro in Sharks zone.
3:31 of 1st overtime period - Wrist shot by Nick Palmieri.
3:31 of 1st overtime period - Shot Blocked by Jamie McBain.
3:33 of 1st overtime period - Wrist shot by Chris Campoli.
3:33 of 1st overtime period - Shot Blocked by Alex Goligoski.
3:35 of 1st overtime period - Snap shot by Oskar Osala.
3:35 of 1st overtime period - Shot Misses the Net.
3:37 of 1st overtime period - Slapshot by Oskar Osala.
3:37 of 1st overtime period - Shot Blocked by Ryan Hollweg.
3:39 of 1st overtime period - Snap shot by Oskar Osala.
3:39 of 1st overtime period - Shot Misses the Net.
3:41 of 1st overtime period - Wrist shot by Oskar Osala.
3:41 of 1st overtime period - Stopped by Michal Neuvirth without a rebound.
3:42 of 1st overtime period - Mike Ribeiro wins face-off versus David Legwand in Canucks zone.
4:32 of 1st overtime period - Ted Purcell is hit by Ben Lovejoy and loses puck.
Goals for this period are 0 for Canucks vs 0 for Sharks.
Shots for this period are 2 for Canucks vs 2 for Sharks.
ShootOut
5:00 of 1st overtime period - Penalty Shot by Mike Ribeiro for Canucks.
5:00 of 1st overtime period - Backhand shot by Mike Ribeiro.
5:00 of 1st overtime period - Shot Misses the Net.
5:00 of 1st overtime period - Penalty Shot by Ted Purcell for Sharks.
5:00 of 1st overtime period - Deke by Ted Purcell.
5:00 of 1st overtime period - Goal by Ted Purcell.
5:00 of 1st overtime period - Penalty Shot by Brad Boyes for Canucks.
5:00 of 1st overtime period - Wrist shot by Brad Boyes.
5:00 of 1st overtime period - Stopped by Tyler Weiman.
5:00 of 1st overtime period - Penalty Shot by Kevin Shattenkirk for Sharks.
5:00 of 1st overtime period - Deke by Kevin Shattenkirk.
5:00 of 1st overtime period - Stopped by Michal Neuvirth.
5:00 of 1st overtime period - Penalty Shot by Clarke MacArthur for Canucks.
5:00 of 1st overtime period - Backhand shot by Clarke MacArthur.
5:00 of 1st overtime period - Shot Misses the Net.
Back to the Top